 Dungeon Crawl Stone Soup version 0.25-a0-545-ge4db218afc (webtiles) character file.

Game seed: 9355188961109636117, levelgen mode: deterministic

3397 Emblim88 the Ruffian (level 10, -12/72 HPs)
             Began as an Octopode Berserker on Feb 21, 2020.
             Was an Elder of Trog.
             Mangled by an orc warrior
             ... wielding a +0 glaive
              (24 damage)
             ... in a bailey.
             The game lasted 00:12:41 (8355 turns).

Emblim88 the Ruffian (Octopode Berserker)           Turns: 8355, Time: 00:12:41

Health: -12/72     AC:  1    Str: 20    XL:     10   Next: 4%
Magic:  10/10      EV: 16    Int: 10    God:    Trog [****..]
Gold:   424        SH:  0    Dex: 11    Spells: 9/9 levels left

rFire    . . .     SeeInvis .     - Unarmed
rCold    . . .     Gourm    .   (no shield)
rNeg     . . .     Faith    .   (helmet restricted)
rPois    .         Spirit   .   (no amulet)
rElec    .         Reflect  .   (no ring)
rCorr    .         Harm     .   (no ring)
MR       .....                  (no ring)
Stlth    ++........             (no ring)
HPRegen  0.22/turn              (no ring)
MPRegen  0.12/turn              (no ring)
                                (no ring)
                                (no ring)

@: no status effects
A: almost no armour, stealthy swim, amphibious, 8 rings, constrict 8, camouflage
1, gelatinous body 1
a: Berserk, Trog's Hand, Brothers in Arms, Renounce Religion


You were in a bailey.
You worshipped Trog.
Trog was greatly pleased with you.
You were hungry.

You visited 1 branch of the dungeon, and saw 7 of its levels.
You also visited: Ossuary and Bailey.

You collected 424 gold pieces.

Inventory:

Hand Weapons
 F - a +2 great mace of flaming
Missiles
 c - 5 boomerangs
 l - 11 atropa-tipped darts
 q - 4 javelins (quivered)
 A - 2 throwing nets
Wands
 x - a wand of enslavement (7)
 B - a wand of flame (8)
 C - a wand of iceblast (4)
Scrolls
 b - 4 scrolls of blinking
 e - 3 scrolls of teleportation
 f - a scroll of fear {unknown}
 k - 2 scrolls of immolation {unknown}
 m - 3 scrolls of magic mapping {unknown}
 n - a scroll of enchant weapon
 o - 2 scrolls of fog {unknown}
 r - 3 scrolls of remove curse
 s - 2 scrolls of amnesia {unknown}
 u - 2 scrolls of noise {unknown}
 v - 3 scrolls of random uselessness {unknown}
 y - 2 scrolls of identify
Potions
 d - 3 potions of brilliance {unknown}
 g - 5 potions of curing {unknown}
 h - 4 potions of ambrosia {unknown}
 i - 4 potions of stabbing {unknown}
 j - 2 potions of cancellation {unknown}
 p - 6 potions of might {unknown}
 t - 2 potions of degeneration {unknown}
 w - a potion of mutation {unknown}
 z - 2 potions of lignification {unknown}
 D - 5 potions of heal wounds {unknown}
 E - a potion of invisibility {unknown}
 G - a potion of berserk rage {unknown}
Comestibles
 a - 9 rations


   Skills:
 + Level 7.7 Fighting
 + Level 6.4 Throwing
 + Level 7.7 Dodging
 + Level 7.7 Unarmed Combat


You had 9 spell levels left.
You didn't know any spells.
Your spell library was empty.

Dungeon Overview and Level Annotations

Branches:
Dungeon (7/15)             Temple (0/1) D:6         Ossuary (visited)
 Bailey (1/1)

Altars:
Fedhas
Makhleb
Qazlal
Yredelemnul
The Shining One

Portals:
Abyss: D:7

Annotations:
D:7 2 transporters, ichi404's ghost, novice DDFi


Innate Abilities, Weirdness & Mutations

You cannot wear most types of armour.
You are very stealthy in the water. (Stealth+)
You are amphibious.
You can wear up to eight rings at the same time.
You can use your tentacles to constrict eight enemies at once.
Your skin changes colour to match your surroundings (Stealth+).
Your rubbery body absorbs attacks. (AC +1, EV +1)


Message History

Press: ? - help, Shift-Dir - straight line, f - orc, p - orc knight
Aim: an orc, wielding a +0 halberd (unusually strong)
The mass of ice explodes!
The iceblast engulfs the orc!!
You kill the orc!
Trog accepts your kill.
The iceblast engulfs the orc warrior.
The orc warrior is lightly wounded.
You hear a shout!
Your two-headed ogre rages.
Your ogre barely misses the orc knight.
Your two-headed ogre hits the orc knight but does no damage.
Your two-headed ogre completely misses the orc knight.
The orc warrior hits you with a +0 glaive!!
* * * LOW HITPOINT WARNING * * *
You closely miss the orc warrior. You grab the orc warrior.
The orc warrior is lightly wounded.
You constrict the orc warrior.
Your ogre rages.
The orc warrior hits you with a +0 glaive!!
You die...

##')o##
#...o.#
#.)o..#
#.....#
#.....#
#.OO..#
##'o'##
##..o..##
#.).@...#
#..)....#
#.......#
#...)...#
#.......#
##..)..##
###'###
#)))#
#)))#


You could see an orc knight, 2 orc warriors, an orc, a friendly two-headed ogre
(berserk) and a friendly ogre (berserk).

Vanquished Creatures
  Pikel (D:5)
  Grinder (D:3)
  Sigmund (D:4)
  3 orc warriors (Bailey)
  A slave (D:5)
  An ice beast (D:6)
  A sky beast (D:6)
  3 centaurs
  An elf zombie (Ossuary)
  3 scorpions
  4 wights (D:6)
  2 howler monkeys
  2 crimson imps
  2 centaur zombies
  A bullfrog zombie (D:7)
  4 hounds
  A quasit (D:6)
  A human zombie (Ossuary)
  2 jellies (D:5)
  A bullfrog skeleton (D:5)
  2 orc priests (D:4)
  Jessica (D:3)
  A centaur skeleton (D:4)
  Terence (D:2)
  9 orc wizards
  4 worker ants
  2 big kobold zombies (Ossuary)
  A hound skeleton (D:6)
  2 mummies (Ossuary)
  6 gnolls
  6 adders
  A shadow imp (D:6)
  2 oozes (D:2)
  A dart slug (D:2)
  5 leopard geckos
  39 orcs
  2 ball pythons
  4 giant cockroaches
  A goblin (D:2)
  10 hobgoblins
  5 jackals
  4 kobolds
  2 quokkas
  7 bats
  A frilled lizard (D:2)
  6 hobgoblin zombies (Ossuary)
  A jackal skeleton (D:4)
  2 jackal zombies (Ossuary)
  12 kobold zombies (Ossuary)
  9 orc zombies (Ossuary)
  A quokka skeleton (D:4)
  3 rats (D:2)
  2 rat zombies (Ossuary)
191 creatures vanquished.

Vanquished Creatures (collateral kills)
  3 orc warriors (Bailey)
  5 orcs (Bailey)
8 creatures vanquished.

Vanquished Creatures (others)
  An orc wizard (D:6)
1 creature vanquished.

Grand Total: 200 creatures vanquished

Notes
Turn   | Place    | Note
-------+----------+-------------------------------------------
     0 | D:1      | Emblim88 the Octopode Berserker began the quest for the
                  | Orb.
     0 | D:1      | Reached XP level 1. HP: 16/16 MP: 1/1
   186 | D:1      | Reached XP level 2. HP: 17/21 MP: 2/2
   655 | D:2      | Noticed a howler monkey
   847 | D:2      | Killed a howler monkey
   847 | D:2      | Reached XP level 3. HP: 19/27 MP: 3/3
   847 | D:2      | Reached XP level 4. HP: 23/33 MP: 4/4
  1195 | D:2      | Reached ** piety under Trog
  1427 | D:2      | Noticed Terence
  1439 | D:2      | Killed Terence
  1439 | D:2      | Reached XP level 5. HP: 33/37 MP: 5/5
  1497 | D:2      | Found a glowing golden altar of the Shining One.
  1651 | D:3      | Noticed Grinder
  1905 | D:3      | Killed Grinder
  1905 | D:3      | Reached XP level 6. HP: 33/44 MP: 6/6
  2307 | D:3      | Noticed Jessica
  2315 | D:3      | Killed Jessica
  2545 | D:4      | Reached XP level 7. HP: 49/49 MP: 7/7
  2674 | D:4      | Found a sand-covered staircase.
  2679 | Ossuary  | Entered an ossuary
  2711 | Ossuary  | Reached *** piety under Trog
  2790 | Ossuary  | Reached skill level 5 in Fighting
  2802 | Ossuary  | Reached skill level 5 in Dodging
  2802 | Ossuary  | Reached skill level 5 in Unarmed Combat
  4055 | D:4      | Reached XP level 8. HP: 44/56 MP: 8/8
  4060 | D:4      | Reached **** piety under Trog
  4399 | D:4      | Noticed Sigmund
  4411 | D:4      | Killed Sigmund
  4649 | D:5      | Entered Level 5 of the Dungeon
  4783 | D:5      | Found a stormy altar of Qazlal.
  5030 | D:5      | Found a burning altar of Makhleb.
  5060 | D:5      | Found a basalt altar of Yredelemnul.
  5134 | D:5      | Noticed Pikel
  5145 | D:5      | Killed Pikel
  5145 | D:5      | Reached skill level 5 in Throwing
  5145 | D:5      | Reached XP level 9. HP: 31/63 MP: 9/9
  6559 | D:6      | Found a staircase to the Ecumenical Temple.
  6722 | D:6      | Found a blossoming altar of Fedhas.
  7514 | D:7      | Found a transporter.
  7520 | D:7      | Noticed a toenail golem
  7623 | D:7      | Found a one-way gate to the infinite horrors of the Abyss.
  7623 | D:7      | Noticed ichi404's ghost (novice DDFi)
  7628 | D:7      | Found a transporter.
  7791 | D:7      | Found a flagged portal.
  7805 | Bailey   | Entered a bailey
  7961 | Bailey   | Reached ***** piety under Trog
  7961 | Bailey   | Received a gift from Trog
  8338 | Bailey   | Noticed an orc knight
  8342 | Bailey   | Reached XP level 10. HP: 72/72 MP: 10/10
  8355 | Bailey   | Mangled by an orc warrior

Levels and vault maps discovered:
D:1:      lordsloth_arrival_two_stooges, layout_loops_ring
D:2:      layout_loops_ring, ebering_dispersal_statue_hall,
          nicolae_tso_swordbearing_angel, uniq_terence
D:3:      layout_rooms, serial_bayou_crossing, uniq_jessica, uniq_grinder
D:4:      layout_basic, enter_ossuary_5, first_ration, minivault_25,
          uniq_sigmund
D:5:      layout_loops_ring, makhleb_heckhound_becter,
          nicolae_qazlal_general_emergency, yredelemnul_altar_generic,
          uniq_pikel
D:6:      layout_basic, minmay_temple_entry_poolview,
          fedhas_bush_and_centaur_altar
D:7:      layout_gridville, enter_bailey_6, gammafunk_ghost_abyssal_escape,
          chequers_serial_rivers_micro_e
Bailey:   bailey_polearm_5, bailey

Skill      XL: |  1  2  3  4  5  6  7  8  9 |
---------------+----------------------------+-----
Fighting       | 4 5 6 7 |  7.7
Dodging        | 4 5 6 7 |  7.7
Unarmed Combat | 4 5 6 7 |  7.7
Throwing       | 2 3 5 6 |  6.4

Action                   |  1- 3 |  4- 6 |  7- 9 | 10-12 || total
-------------------------+-------+-------+-------+-------++-------
Melee: Unarmed           |    31 |    90 |   321 |     1 ||   443
       Constrict         |     8 |    20 |    79 |     1 ||   108
       Tentacles         |     4 |    19 |    85 |       ||   108
       Punch             |     1 |     4 |    19 |       ||    24
Throw: Boomerang         |     2 |     2 |     2 |       ||     6
       Javelin           |       |       |     4 |       ||     4
Invok: Berserk           |     1 |     1 |     4 |       ||     6
       Trog's Hand       |       |       |     1 |       ||     1
       Brothers in Arms  |       |       |     2 |       ||     2
Evoke: Wand              |       |       |     4 |     1 ||     5
  Use: Scroll            |       |     2 |     2 |       ||     4
 Stab: Sleeping          |     2 |     3 |    12 |       ||    17
       Distracted        |       |     1 |       |       ||     1
  Eat: Chunk             |       |     7 |    16 |       ||    23
       Ration            |       |       |     2 |       ||     2
Armor: Skin              |     1 |     6 |     6 |       ||    13
Dodge: Dodged            |    18 |    54 |   184 |     1 ||   257

Table legend:
 A = Non-vault XP
 B = Vault XP
 C = Vault XP percentage of total XP
 D = Non-vault monster count
 E = Vault monster count
 F = Vault count percentage of total count
                 A         B        C        D         E       F
            +---------+---------+-------+---------+---------+-------
      Total |    2495 |    2359 |  48.6 |     121 |      78 |  39.2
            +---------+---------+-------+---------+---------+-------
        D:1 |      17 |       0 |   0.0 |       8 |       0 |   0.0
        D:2 |     147 |      36 |  19.7 |      28 |       1 |   3.4
        D:3 |      49 |     323 |  86.8 |      13 |       2 |  13.3
        D:4 |     498 |     212 |  29.9 |      27 |       1 |   3.6
        D:5 |     722 |     693 |  49.0 |      20 |       2 |   9.1
        D:6 |     936 |     112 |  10.7 |      20 |       1 |   4.8
        D:7 |     126 |       0 |   0.0 |       5 |       0 |   0.0
    Ossuary |       0 |     302 | 100.0 |       0 |      38 | 100.0
     Bailey |       0 |     681 | 100.0 |       0 |      33 | 100.0
            +---------+---------+-------+---------+---------+-------
